 Dungeon Crawl Stone Soup version 0.26-a0-466-g989023bd0d (webtiles) character file.

Game seed: 13237953298647085869

4 Apogee the Sneak (level 1, 0/9 HPs)
             Began as a Spriggan Enchanter on Aug 1, 2020.
             Slain by a hobgoblin
             ... wielding a cursed +0 club
              (2 damage)
             ... on level 1 of the Dungeon.
             The game lasted 00:00:44 (274 turns).

Apogee the Sneak (Spriggan Enchanter)                Turns: 274, Time: 00:00:45

Health: 0/9        AC:  2    Str:  4    XL:     1   Next: 58%
Magic:  4/5        EV: 18    Int: 16    God:
Gold:   0          SH:  0    Dex: 16    Spells: 4/5 levels left

rFire    . . .     SeeInvis +   a - +1 dagger
rCold    . . .     Faith    .   (shield restricted)
rNeg     . . .     Spirit   .   b - +0 robe
rPois    .         Reflect  .   (helmet restricted)
rElec    .         Harm     .   (no cloak)
rCorr    .                      (gloves unavailable)
MR       .....                  (boots unavailable)
Stlth    +++.......             (no amulet)
HPRegen  0.03/turn              (no ring)
MPRegen  0.09/turn              (no ring)

@: very quick
A: very small, unfitting armour, see invisible, speed 3
a: no special abilities


You were on level 1 of the Dungeon.
You visited 1 branch of the dungeon, and saw 1 of its levels.

Inventory:

Hand Weapons
 a - a +1 dagger (weapon)
 d - a +2 short sword of protection
   (You found it on level 1 of the Dungeon)
Missiles
 e - 3 stones (quivered)
 g - 3 curare-tipped darts {!f}
Armour
 b - a +0 robe (worn)
Scrolls
 c - a scroll of teleportation {unknown}
 f - a scroll of enchant armour {unknown}


   Skills:
 + Level 1.5 Short Blades
 - Level 3.0 Dodging
 + Level 4.7 Stealth
 - Level 2.6 Spellcasting
 - Level 3.6 Hexes


You had 4 spell levels left.
You knew the following spells:

 Your Spells              Type           Power        Failure   Level
a - Corona                Hex            ##.....      4%          1

Your spell library contained the following spells:

 Spells                   Type           Power        Failure   Level
 Confusing Touch          Hex            ##......     13%         3
 Tukima's Dance           Hex            ##......     13%         3
 Ensorcelled Hibernation  Hex/Ice        #.....       14%         2
 Dazzling Flash           Conj/Hex       #.....       28%         3


Dungeon Overview and Level Annotations

Branches:
Dungeon (1/15)

Altars:


Innate Abilities, Weirdness & Mutations

You are very small and have problems with some larger weapons.
You are too small for most types of armour.
You have supernaturally acute eyesight. (SInv)
You cover ground extremely quickly.


Message History

The goblin hits you with a +0 club.
You closely miss the goblin. You closely miss the goblin.
The goblin closely misses you.
You hit the goblin. You closely miss the goblin. The goblin barely misses you.
You barely miss the goblin. The goblin closely misses you.
You hit the goblin.
You kill the goblin!
No target in view!
e - 2 stones (gained 1)
There is a fountain of clear blue water here.
e - 3 stones (gained 1)
Things that are here:
a +0 dagger; a +0 club
f - a scroll labeled YXOULY QOTHASM
Found 3 curare-tipped darts.
A bat comes into view.
A bat is nearby!
A bat is nearby!
A bat is nearby!
You see here 3 curare-tipped darts {!f}.
The helpless bat fails to defend itself.
You impale the bat!!
You kill the bat!
No target in view!
You see here 3 curare-tipped darts {!f}.
g - 3 curare-tipped darts {!f}
Found a hunting sling and 2 metallic puce potions.
A hobgoblin comes into view. It is wielding a +0 club.
Found 14 gold pieces.
Found a stone staircase leading down.
A hobgoblin is nearby!
A hobgoblin is nearby!
A goblin comes into view. It is wielding a +0 club.
The hobgoblin shouts!
The hobgoblin hits you with a cursed +0 club.
You closely miss the hobgoblin. The hobgoblin closely misses you.
You hit the hobgoblin.
The hobgoblin hits you with a cursed +0 club.
You hit the hobgoblin. You hit the hobgoblin but do no damage.
The hobgoblin closely misses you.
You hit the hobgoblin. The hobgoblin barely misses you.
You hit the hobgoblin but do no damage.
The hobgoblin hits you with a cursed +0 club.
* * * LOW HITPOINT WARNING * * *
Aim: a hobgoblin, wielding a +0 club (heavily wounded, chance to defeat MR: 67%)
The hobgoblin is outlined in light.
You hit the hobgoblin. The hobgoblin barely misses you.
You hit the hobgoblin.
The hobgoblin hits you with a cursed +0 club.
You die...

.....#.#...............
........†.............
#.#..#..###.......###
#.......# #.#...#....
#......## #.#...#..##
###..### #.#...#..##
#.####..# #.#...#..##
........# #..........
#####.#@# .....##...
#.#g# #####.#####
....!...# ......).
#####.### .....##. #.
.##.#.### . ....... ##
.##.### #


You could see a hobgoblin (corona).

Vanquished Creatures
  2 kobolds (D:1)
  A bat (D:1)
  A goblin (D:1)
  A rat (D:1)
5 creatures vanquished.

Notes
Turn   | Place    | Note
-------+----------+-------------------------------------------
     0 | D:1      | Apogee the Spriggan Enchanter began the quest for the Orb.
     0 | D:1      | Reached XP level 1. HP: 9/9 MP: 5/5
   274 | D:1      | Slain by a hobgoblin

Illustrated notes

Levels and vault maps discovered:
D:1:      scummos_arrival_simple_fountains, layout_loops_cross

Action                   || total
-------------------------++-------
Melee: Dagger            ||    31
 Cast: Corona            ||     2
 Stab: Sleeping          ||     1
Armor: Robe              ||     2
Dodge: Dodged            ||    16

Table legend: (Time is in decaauts)
 A = Elapsed time spent in this place.
 B = Non-inter-level travel time spent in this place.
 C = Inter-level travel time spent in this place.
 D = Time resting spent in this place.
 E = Time spent auto-exploring this place.
 F = Levels seen in this place.
 G = Mean time per level.
                   A        B        C        D        E       F      G
               +--------+--------+--------+--------+--------+-----+--------+
         Total |    237 |    237 |      0 |      0 |    165 |   1 |  237.0 |
       Dungeon |    237 |    237 |      0 |      0 |    165 |   1 |  237.0 |
               +--------+--------+--------+--------+--------+-----+--------+

Top non-repeatable levels by time:
     D:1: 237 daAuts
